Map: Odyssey LE

Players

JonSnow

  • Race: Zerg Zerg
  • Spawn Location: 5:00

Cloudy - Winner!

  • Race: Protoss Protoss
  • Spawn Location: 11:00

Event: WCS Valencia 2017

VOD

Have the link to the VOD?

Description

Time

  • Played on: July 13, 2017, 3:06 p.m.
  • Length: 25:24

All games in this series

Show
View Real Time Build Order
Export as new Build Order

JonSnow Zerg 

Build Orders: Pool First, Muta Ling Bane 

Get SALT Encoding   

  12  0:18  Spawning Pool  
  11  0:22  Drone  
  11  0:26  Drone  
  13  0:31  Drone  
  14  0:40  Overlord  
  14  1:05  Zergling x4  
  14  1:06  Zergling x2  
  17  1:16  Zergling x2  
  18  1:21  Hatchery  
  17  1:28  Zergling x2  
  18  1:37  Queen  
  20  1:40  Zergling x2  
  21  1:49  Zergling x2  
  22  2:02  Overlord  
  22  2:08  Extractor  
  22  2:10  Drone  
  21  2:21  Drone  
  22  2:23  Queen  
  23  2:35  Queen, Drone x2  
  25  2:42  Drone  
  26  2:45  Drone  
  26  2:54  Drone x2  
  29  2:58  Drone  
  29  3:03  Drone  
  30  3:06  Drone  
  30  3:11  Drone  
  32  3:14  Drone  
  32  3:18  Metabolic Boost  
  33  3:22  Zergling x2  
  33  3:24  Zergling x2  
  35  3:28  Overlord  
  35  3:39  Drone x2  
  36  3:44  Zergling x2  
  36  3:46  Overlord  
  36  3:48  Zergling x2  
  36  3:55  Drone x2  
  37  4:02  Zergling x4  
  39  4:08  Drone x2  
  40  4:15  Drone x2  
  40  4:16  Drone x2  
  43  4:22  Drone  
  44  4:33  Hatchery  
  44  4:36  Drone x3  
  45  4:40  Overlord  
  45  4:44  Drone x2  
  47  4:48  Drone  
  46  4:53  Roach Warren  
  46  4:54  Extractor, Drone  
  46  4:55  Extractor  
  46  4:56  Drone  
  46  4:58  Drone  
  46  5:01  Drone x2  
  46  5:04  Drone  
  46  5:06  Drone x2  
  51  5:10  Overlord  
  51  5:15  Overlord  
  51  5:20  Overlord  
  51  5:33  Zergling x2, Roach x4  
  51  5:34  Zergling x4  
  62  5:39  Lair  
  62  5:40  Roach  
  66  5:42  Roach  
  66  5:48  Roach  
  68  5:55  Roach x2  
  72  5:59  Drone  
  72  6:01  Evolution Chamber  
  72  6:03  Drone x4  
  74  6:04  Drone x2  
  74  6:10  Drone x3  
  79  6:18  Roach  
  79  6:20  Overlord x2  
  81  6:29  Drone  
  81  6:30  Overlord x2, Zerg Missile Weapons Level 1  
  81  6:31  Extractor  
  81  6:39  Glial Reconstitution, Overseer  
  81  6:41  Roach  
  81  6:42  Roach x4  
  81  6:46  Roach x2  
  96  6:47  Zergling x2  
  96  6:49  Roach  
  96  6:50  Zergling x2  
  98  6:57  Drone x5  
  98  6:58  Drone x2  
  105  7:09  Drone, Overlord x2  
  105  7:13  Overseer  
  106  7:21  Overlord  
  106  7:22  Spire  
  105  7:23  Drone  
  105  7:24  Overlord  
  105  7:29  Overseer  
  104  7:31  Overseer  
  102  7:43  Drone x11  
  113  7:56  Extractor  
  113  7:57  Roach x4  
  120  7:59  Overlord  
  120  8:00  Extractor  
  120  8:04  Queen  
  121  8:07  Overlord  
  121  8:12  Overlord  
  121  8:14  Zergling x2  
  121  8:15  Overlord x2  
  122  8:25  Zergling x2  
  122  8:27  Zergling x2  
  124  8:35  Mutalisk  
  124  8:36  Mutalisk x6  
  124  8:39  Zergling x10  
  143  8:52  Zerg Melee Weapons Level 1, Drone  
  143  8:54  Baneling Nest  
  142  8:59  Ravager x3  
  142  9:00  Ravager, Queen  
  142  9:01  Drone x2  
  149  9:08  Hatchery  
  147  9:14  Zergling x6  
  147  9:15  Zergling x18  
  157  9:28  Roach x3  
  161  9:44  Zergling x16  
  169  9:45  Overlord  
  167  9:58  Centrifical Hooks  
  162  10:02  Hatchery, Zergling x8  
  162  10:04  Overlord  
  163  10:19  Zergling x2  
  163  10:20  Zergling x12  
  171  10:21  Ravager x5  
  171  10:22  Ravager x4  
  179  10:29  Queen  
  181  10:37  Zergling x8  
  181  10:45  Overseer  
  181  10:49  Zergling x6  
  181  10:55  Zergling x4  
  181  10:59  Baneling x20  
  181  11:02  Zergling x14  
  181  11:03  Zergling x2  
  181  11:04  Drone  
  188  11:11  Baneling x11  
  188  11:12  Baneling x11  
  188  11:14  Drone x4  
  188  11:15  Drone  
  193  11:23  Zerg Melee Weapons Level 2  
  193  11:28  Zergling x2  
  193  11:29  Zergling x12  
  199  11:37  Baneling  
  199  11:38  Baneling x5  
  199  11:41  Hatchery  
  160  11:55  Zergling x22  
  160  11:56  Zergling x8  
  165  12:08  Drone x11  
  156  12:10  Overlord  
  156  12:12  Overseer  
  156  12:14  Zergling x10  
  162  12:20  Drone x3  
  165  12:29  Baneling x11  
  164  12:30  Baneling x3  
  164  12:33  Overseer  
  158  12:47  Zergling x16  
  157  12:52  Zergling x10  
  157  12:53  Zergling x8  
  160  12:59  Zergling x14  
  160  13:10  Hydralisk Den  
  159  13:18  Spine Crawler  
  157  13:22  Spore Crawler  
  156  13:31  Pneumatized Carapace  
  153  13:35  Drone x6  
  159  13:41  Zerg Missile Weapons Level 2  
  159  13:44  Muscular Augments  
  159  13:45  Hydralisk x5  
  159  13:46  Hydralisk x6  
  181  13:50  Baneling x10  
  180  13:59  Hydralisk x4  
  180  14:00  Zergling x2  
  186  14:05  Zergling x8  
  186  14:06  Zergling x2  
  191  14:12  Zergling x6  
  191  14:13  Zergling x6  
  193  14:20  Baneling  
  193  14:21  Baneling x5  
  192  14:24  Drone x3  
  192  14:25  Drone x2  
  197  14:33  Zergling x4  
  197  14:37  Hatchery  
  196  14:43  Zergling x2  
  196  14:44  Zergling x10  
  200  14:52  Baneling x3  
  198  14:53  Baneling x12  
  198  15:11  Spore Crawler  
  197  15:14  Zergling x4  
  197  15:19  Baneling x6  
  197  15:20  Baneling x3  
  180  15:38  Zergling x18  
  180  15:39  Zergling x12  
  186  15:43  Overlord  
  186  15:46  Extractor  
  185  15:54  Baneling  
  185  15:55  Baneling x28  
  185  16:00  Zergling x14  
  185  16:01  Zergling x14  
  185  16:02  Zerg Ground Armor Level 1  
  199  16:18  Overlord  
  199  16:23  Zergling x22  
  199  16:26  Overseer x3  
  199  16:28  Baneling x10  
  199  16:29  Baneling x16  
  191  16:35  Zergling x18  
  200  16:40  Spore Crawler  
  200  16:42  Spine Crawler  
  200  16:43  Baneling  
  200  16:44  Baneling x14  
  198  16:50  Zergling x4  
  197  16:55  Zergling x6  
  192  17:06  Zergling x16  
  192  17:07  Zergling x18  
  198  17:13  Zerg Flyer Armor Level 1  
  198  17:14  Zergling x12  
  195  17:24  Hydralisk  
  195  17:25  Hydralisk x3  
  195  17:29  Hydralisk x3  
  194  17:30  Zergling x2  
  194  17:32  Hydralisk  
  191  17:49  Hydralisk x5  
  194  17:53  Zergling x4  
  194  17:54  Hatchery  
  194  17:56  Hydralisk  
  194  17:58  Zergling x2  
  182  18:12  Baneling x10  
  182  18:16  Zergling x2  
  182  18:17  Zergling x10  
  181  18:27  Hydralisk  
  181  18:28  Hydralisk x2  
  181  18:29  Zergling x2  
  183  18:42  Baneling  
  183  18:43  Baneling x9  
  183  18:45  Zergling x6  
  183  18:46  Zergling x4  
  188  18:58  Zergling x12  
  188  19:01  Baneling  
  188  19:02  Baneling x3  
  194  19:09  Overlord  
  194  19:12  Overlord  
  194  19:14  Baneling  
  194  19:15  Baneling x4  
  182  19:29  Hydralisk x2  
  175  19:46  Zergling x20  
  184  20:03  Hatchery  
  183  20:12  Baneling x4  
  183  20:13  Baneling x6  
  183  20:16  Zergling x4  
  180  20:32  Hydralisk  
  180  20:33  Hydralisk, Zergling x2  
  180  20:34  Zergling x4  
  176  20:52  Zergling x14  
  183  21:00  Zergling x8  
  168  21:31  Zergling x16  
  176  21:35  Hatchery  
  173  21:52  Zergling x8  
  176  22:00  Zergling x2  
  176  22:01  Zergling x24  
  173  22:15  Zergling x16  
  178  22:19  Extractor  
  177  22:25  Extractor, Zergling x2  
  177  22:26  Extractor  
  177  22:28  Zergling x2  
  162  22:32  Zergling x6  
  162  22:33  Zergling x4  
  162  22:37  Zergling x4  
  163  22:49  Zergling x6  
  163  22:50  Zergling x10  
  160  22:51  Baneling x2  
  160  22:57  Zergling x8  
  147  23:11  Zergling x2  
  118  23:17  Zergling x14  
  118  23:18  Zergling x4  
  94  23:22  Zergling x2  
  94  23:25  Zergling x2  
  83  23:28  Zergling x4  
  83  23:29  Zergling x6  
  83  23:46  Extractor, Drone x3  
  83  23:48  Drone x5  
  88  23:58  Hydralisk  
  79  24:14  Hydralisk  
  66  24:21  Hydralisk  
  52  24:40  Drone x3  
  52  24:42  Hydralisk x2  
  59  24:51  Hydralisk  
Show
View Real Time Build Order
Export as new Build Order

Cloudy Protoss - Winner!

Build Orders:  

Get SALT Encoding   

  12  0:01  Probe (Chrono Boost)  
  13  0:12  Probe (Chrono Boost)  
  14  0:18  Pylon  
  14  0:22  Probe (Chrono Boost)  
  15  0:37  Probe (Chrono Boost)  
  15  0:40  Gateway  
  16  0:44  Assimilator  
  16  0:47  Probe (Chrono Boost)  
  17  0:58  Probe (Chrono Boost)  
  17  1:04  Gateway  
  18  1:09  Probe (Chrono Boost)  
  19  1:27  Cybernetics Core  
  19  1:34  Zealot (Chrono Boost)  
  19  1:36  Pylon  
  21  1:56  Probe  
  22  2:04  Adept (Chrono Boost)  
  22  2:08  Adept (Chrono Boost)  
  26  2:15  Warp Gate  
  24  2:38  Probe, Adept (Chrono Boost)  
  24  2:40  Adept (Chrono Boost)  
  29  2:53  Probe (Chrono Boost)  
  30  3:01  Nexus  
  30  3:14  Pylon, Probe (Chrono Boost)  
  30  3:16  Assimilator  
  31  3:32  Probe (Chrono Boost)  
  32  3:36  Adept x2  
  36  3:43  Probe (Chrono Boost)  
  35  3:53  Probe (Chrono Boost)  
  35  3:55  Twilight Council  
  36  4:04  Probe (Chrono Boost)  
  37  4:14  Probe (Chrono Boost)  
  36  4:17  Probe (Chrono Boost)  
  37  4:24  Gateway  
  37  4:25  Probe (Chrono Boost)  
  37  4:28  Probe (Chrono Boost), Adept x2  
  43  4:35  Probe (Chrono Boost), Resonating Glaives (Chrono Boost)  
  43  4:37  Probe (Chrono Boost)  
  45  4:47  Probe  
  45  4:48  Stalker  
  45  4:49  Sentry  
  50  4:53  Probe  
  50  4:58  Robotics Facility  
  50  4:59  Probe  
  52  5:04  Probe  
  53  5:07  Pylon  
  53  5:11  Probe  
  54  5:15  Pylon  
  54  5:24  Probe  
  54  5:25  Probe  
  56  5:28  Assimilator  
  56  5:30  Dark Shrine  
  56  5:33  Assimilator  
  56  5:34  Probe  
  56  5:37  Probe  
  56  5:42  Adept x3  
  64  5:45  Probe  
  64  5:46  Pylon  
  64  5:49  Probe  
  66  5:54  Pylon, Warp Prism (Chrono Boost)  
  68  5:57  Probe  
  68  6:03  Probe  
  70  6:09  Probe  
  71  6:24  Pylon, Mothership Core  
  73  6:27  Immortal (Chrono Boost)  
  73  6:31  Probe  
  78  6:34  Nexus  
  78  6:43  Probe  
  78  6:44  Adept x2  
  83  6:56  Pylon, Dark Templar  
  85  7:03  Immortal (Chrono Boost)  
  85  7:05  Dark Templar x2  
  93  7:20  Probe x2  
  93  7:34  Probe, Sentry  
  94  7:38  Immortal (Chrono Boost)  
  94  7:39  Gateway  
  94  7:40  Gateway  
  94  7:43  Gateway  
  98  7:45  Gateway  
  98  7:47  Gateway  
  98  7:48  Probe, Sentry x2  
  98  7:49  Probe x2  
  105  7:57  Pylon  
  105  7:58  Probe  
  105  8:00  Pylon  
  105  8:01  Probe  
  107  8:06  Forge  
  107  8:11  Probe  
  107  8:12  Observer (Chrono Boost)  
  108  8:13  Probe  
  110  8:21  Assimilator  
  110  8:25  Assimilator  
  110  8:27  Templar Archives  
  110  8:28  Pylon  
  110  8:29  Zealot  
  112  8:40  Dark Templar  
  114  8:42  Zealot x3  
  114  8:43  Zealot x2, Probe  
  114  8:45  Probe x2  
  127  8:48  Photon Cannon  
  127  8:50  Pylon  
  127  8:52  Immortal (Chrono Boost)  
  127  8:54  Probe  
  132  9:05  Psionic Storm  
  132  9:07  Probe  
  132  9:08  Protoss Ground Weapons Level 1 (Chrono Boost)  
  133  9:12  Stargate  
  133  9:15  Photon Cannon  
  129  9:18  Photon Cannon  
  129  9:19  Photon Cannon  
  129  9:23  Pylon  
  127  9:30  Pylon  
  127  9:31  High Templar x2  
  127  9:32  Stalker x2  
  127  9:37  Charge (Chrono Boost), Archon  
  135  9:45  Immortal, High Templar  
  139  9:57  Probe x2  
  139  9:58  Probe  
  140  10:00  Stalker x4  
  148  10:09  High Templar  
  148  10:16  Pylon  
  148  10:18  Nexus  
  148  10:19  Pylon  
  148  10:20  Probe  
  149  10:24  High Templar  
  149  10:25  Pylon  
  149  10:26  Pylon, High Templar  
  149  10:27  Zealot x3  
  149  10:28  Zealot  
  161  10:43  Zealot  
  161  10:49  Zealot x4  
  169  10:54  Pylon  
  168  10:57  Photon Cannon  
  168  10:59  Immortal  
  170  11:06  Photon Cannon  
  170  11:08  High Templar  
  170  11:09  High Templar x2  
  176  11:15  High Templar  
  178  11:20  Archon  
  178  11:22  Archon  
  178  11:31  Zealot x4  
  182  11:36  Protoss Ground Weapons Level 2 (Chrono Boost), Gateway  
  182  11:38  Gateway  
  182  11:39  Immortal  
  174  11:49  Zealot x4  
  166  11:58  Zealot x4  
  154  12:10  High Templar  
  154  12:11  High Templar  
  154  12:13  Immortal  
  154  12:15  Zealot x2  
  160  12:20  Assimilator  
  164  12:23  Photon Cannon x2, Probe x2  
  166  12:31  High Templar x2  
  170  12:37  Archon  
  170  12:38  Zealot  
  170  12:39  Zealot x3  
  176  12:48  Immortal  
  176  12:54  Zealot x2  
  176  13:03  Fleet Beacon  
  164  13:08  Zealot x5  
  174  13:13  High Templar x2  
  178  13:22  Immortal  
  182  13:33  Stargate  
  172  13:36  Nexus  
  172  13:37  Stargate  
  172  13:42  High Templar  
  172  13:44  High Templar  
  172  13:47  Pylon  
  176  13:51  Assimilator  
  176  13:54  Assimilator  
  176  13:56  Adept x4  
  176  14:03  Protoss Ground Weapons Level 3 (Chrono Boost)  
  176  14:08  Photon Cannon  
  176  14:09  Photon Cannon  
  176  14:10  Photon Cannon  
  176  14:26  Photon Cannon  
  176  14:29  Photon Cannon  
  182  14:32  Photon Cannon  
  182  14:33  Photon Cannon, Graviton Catapult  
  182  14:35  Photon Cannon  
  178  14:44  Probe x2  
  172  14:47  Probe  
  172  14:48  Probe  
  172  14:50  Immortal  
  168  14:56  Probe x2  
  168  14:59  High Templar x2  
  178  15:00  Zealot x4  
  178  15:04  Archon  
  186  15:11  Probe x2  
  188  15:21  Carrier (Chrono Boost)  
  171  15:40  Immortal  
  163  15:44  Carrier (Chrono Boost)  
  173  15:57  Carrier (Chrono Boost)  
  179  16:05  Zealot x5, Nexus  
  179  16:08  Pylon  
  189  16:16  Zealot x4  
  195  16:26  Zealot x2  
  195  16:30  Zealot x4  
  199  16:38  Photon Cannon  
  199  16:42  Protoss Air Weapons Level 1  
  155  17:12  Stalker x9  
  173  17:24  Zealot  
  174  17:35  Carrier (Chrono Boost)  
  180  17:38  High Templar x3  
  161  17:49  Zealot x5  
  158  17:51  Probe  
  125  18:05  Zealot x2  
  123  18:29  High Templar x3  
  123  18:30  High Templar x4  
  133  18:36  Archon x3  
  133  18:37  High Templar  
  135  18:42  Zealot x2  
  139  18:55  Archon  
  139  19:01  Zealot x2  
  139  19:02  Zealot x6  
  155  19:06  High Templar  
  139  19:32  Stalker x5  
  139  19:33  Zealot x4  
  147  19:42  High Templar  
  149  19:52  Carrier (Chrono Boost)  
  153  19:57  Pylon  
  153  20:00  Zealot x4, Dark Templar  
  163  20:21  Nexus  
  153  20:40  Nexus  
  153  20:41  Dark Templar  
  155  20:45  High Templar  
  155  20:46  High Templar  
  155  20:49  Probe x2  
  150  20:50  Probe  
  148  21:02  Probe x2  
  142  21:27  Dark Templar  
  144  21:50  Dark Templar x4  
  140  22:17  Nexus  
  140  22:20  Dark Templar  
  135  22:40  High Templar x2  
  135  22:41  Zealot x5  
  145  22:56  Zealot  
  133  23:05  Dark Templar  
  63  23:32  High Templar x2  
  65  23:35  Zealot x4  
  65  23:36  Zealot  
  75  23:45  Dark Templar  
  63  24:23  High Templar x2  
  67  24:25  Zealot x4  
  75  24:32  Archon  
  73  24:38  Zealot x2  
  75  25:04  High Templar x2  
Tags
 
Add a new tag
Caveats
  • Supply blocks, unpowered buildings, or Contaminate may cause inaccurate times.
  • Supply counts are checked every 10 seconds.